 Dungeon Crawl Stone Soup version 0.23.1-37-gaa34b87 (webtiles) character file.

Game seed: 17580992553055181336

26 Irenicus the Digger (level 2, 17/22 HPs)
             Began as a Deep Dwarf Earth Elementalist on Mar 23, 2019.
             Got out of the dungeon alive.
             The game lasted 00:03:55 (645 turns).

Irenicus the Digger (Deep Dwarf Earth Elementalist)  Turns: 645, Time: 00:03:56

Health: 17/22      AC:  2    Str: 11    XL:     2   Next: 89%
Magic:  2/4        EV: 12    Int: 15    God:
Gold:   11         SH:  0    Dex: 13    Spells: 2/5 levels left

rFire    . . .     SeeInvis .   a - +0 dagger
rCold    . . .     Gourm    .   (no shield)
rNeg     . . .     Faith    .   c - +0 robe
rPois    .         Spirit   .   (no helmet)
rElec    .         Reflect  .   (no cloak)
rCorr    .         Harm     .   (no gloves)
MR       .....                  (no boots)
Stlth    ++........             (no amulet)
HPRegen  0.00/turn              (no ring)
MPRegen  0.09/turn              (no ring)

@: non-regenerating
A: damage resistance, heal wounds, sense surroundings 1, no regeneration
a: Heal Wounds


You escaped.
You were not hungry.

You visited 1 branch of the dungeon, and saw 1 of its levels.

You collected 11 gold pieces.

Inventory:

Hand Weapons
 a - a +0 dagger (weapon)
   (You took it off a goblin on level 1 of the Dungeon)
Missiles
 b - 46 stones (quivered)
Armour
 c - a +0 robe (worn)
Scrolls
 e - a scroll of enchant armour {unknown}
 f - a scroll of amnesia {unknown}
 h - a scroll of noise {unknown}
Potions
 g - a potion of berserk rage {unknown}
Comestibles
 d - 5 rations


   Skills:
 - Level 2.1 Dodging
 - Level 2.4 Stealth
 - Level 2.2 Spellcasting
 - Level 0.8 Transmutations
 + Level 5.1 Earth Magic


You had 2 spell levels left.
You knew the following spells:

 Your Spells              Type           Power        Failure   Level  Hunger
a - Sandblast             Erth           ###...       2%          1    #......
w - Passwall              Tmut/Erth      ##......     10%         2    ###....

Your spell library contained the following spells:

 Spells                   Type           Power        Failure   Level  Hunger
 Stone Arrow              Conj/Erth      #.....       22%         3    ###....
 Petrify                  Tmut/Erth      ##......     54%         4    #####..
 Lee's Rapid Deconstruct  Erth           ###.......   58%         5    ######.


Dungeon Overview and Level Annotations

Branches:
Dungeon (1/15)

Altars:


Innate Abilities, Weirdness & Mutations

You are resistant to damage.
You can heal yourself by infusing magical energy.
You passively map a small area around you.
You do not regenerate.


Message History

You now have 3/5 mp.
Unknown command.
A rock wall.
You begin to meditate on the wall.
You continue meditating on the rock. x2
You finish merging with the rock.
You now have 1/5 mp.
Found an escape hatch in the floor.
A rat comes into view.
A bat comes into view.
The helpless rat fails to defend itself.
You puncture the rat!
You kill the rat!
The helpless bat fails to defend itself.
You puncture the bat!
You kill the bat!
Wear which item? (? for menu, Esc to quit)
Okay, then.
Your magical contamination has completely faded away.
g - a sedimented golden potion Your magical essence is drained by the effort!
You feel much better.
Health restored: 22 A dart slug comes into view.
You see here 17 gold pieces.
Aim: a dart slug (clinging)
The blast of sand hits the dart slug.
b - 46 stones You now have 3/4 mp.
Unknown command.
You hit the dart slug.
The dart slug bites you but does no damage.
You hit the dart slug. The dart slug closely misses you.
You hit the dart slug. You hit the dart slug.
You kill the dart slug!
Your Earth Magic skill increases to level 5!
A rat comes into view.
MP restored: 4 The rat twitches its whiskers.
The rat closely misses you. The rat closely misses you.
The rat barely misses you.
You see here a ration.
d - 5 rations (gained 1)
The rat misses you. The rat closely misses you.
You barely miss the rat. The rat bites you but does no damage.
You hit the rat.
You kill the rat!
You see here a rat corpse.
A rock wall.
You begin to meditate on the wall.
You continue meditating on the rock. x3
You finish merging with the rock.
You now have 2/4 mp.
You see here a dagger.
h - a scroll labeled URRORAG GAMOD MP restored: 4 You see here a dagger.
A rock wall.
You begin to meditate on the wall.
You continue meditating on the rock. x3
You finish merging with the rock.
You now have 2/4 mp.
A rat and a hobgoblin come into view.
The hobgoblin shouts!
The rat bites you. The rat barely misses you.
There is an open door here.
MP restored: 4 You see here a +0 club.
The rat bites you but does no damage.
You open the door. The rat bites you. The hobgoblin hits you with a +0 club.
You take 2 damage, and have 20/22 hp.
The rat twitches its whiskers.
There is an open door here.
There is an open door here.
There is a stone staircase leading down here.
The rat bites you. The hobgoblin barely misses you.
A rock wall.
The hobgoblin hits you with a +0 club.
You begin to meditate on the wall.
You continue meditating on the rock.
The hobgoblin completely misses you. The rat bites you but does no damage.
You continue meditating on the rock.
The hobgoblin closely misses you. The rat bites you.
You finish merging with the rock.
You take 3 damage, and have 17/22 hp.
You now have 2/4 mp.
A rock wall.
You miscast Passwall.
You are very lightly contaminated with residual magic.
Nothing appears to happen.
You now have 0/4 mp.
Unknown command.
There is an open door here.
Your magical contamination has completely faded away.
You regained 2 mp, and now have 2/4 mp.
(D) Dungeon
Where to? (Enter - D:1 @ (x,y), ? - help)
There is a staircase leading out of the dungeon here.
Are you sure you want to leave the Dungeon?
This will make you lose the game!
You have escaped!

#.###.r.(........###.# #.##
#.##..#########..#*#.# #.##
#.#..##.......##..##.# #.##
#...##.#######.##.....,..##
#..##.##.....##.##..#######
##.#.##.#####.##.#..##.....
#.#.#.##...##.#.#..##.....
#.#.#.#.##..#.#.#.###.....
#.#.#.#§#@#.#.#.#.*#......
#.#.#.#.###.#§#.#.*#......
#.#.#.##...##.'≈#. #......
#.#.##.##.##.##.#. #.####.
#.##.##.....##.##.##.####.
#..##.#######.##...†......
##..##.......##.$..#######
##...########....## #
##.............# ######


There were no monsters in sight!

Vanquished Creatures
  2 dart slugs (D:1)
  A leopard gecko (D:1)
  A ball python (D:1)
  2 giant cockroaches (D:1)
  5 goblins (D:1)
  A hobgoblin (D:1)
  2 bats (D:1)
  A frilled lizard (D:1)
  3 kobolds (D:1)
  4 rats (D:1)
22 creatures vanquished.

Notes
Turn   | Place    | Note
-------+----------+-------------------------------------------
     0 | D:1      | Irenicus the Deep Dwarf Earth Elementalist began the quest
                  | for the Orb.
     0 | D:1      | Reached XP level 1. HP: 15/15 MP: 3/3
   117 | D:1      | Reached skill level 2 in Spellcasting
   177 | D:1      | Reached XP level 2. HP: 13/22 MP: 0/5
   432 | D:1      | Learned a level 2 spell: Passwall
   480 | D:1      | Reached skill level 5 in Earth Magic
   645 | D:$      | Got out of the dungeon alive.

Skill      XL: |  1  2 |
---------------+-------+-----
Spellcasting   | 2 |  2.2
Earth Magic    | 5 |  5.1
Dodging        | |  2.1
Stealth        | |  2.4
Transmutations | |  0.8

Action                   || total
-------------------------++-------
Melee: Unarmed           ||     9
       Dagger            ||    17
 Cast: Sandblast         ||    21
       Passwall          ||     4
 Abil: Heal Wounds       ||     1
 Stab: Sleeping          ||     2
Armor: Robe              ||    12
Dodge: Dodged            ||    34

Levels and vault maps discovered:
D:1:      evilmike_arrival_rings, layout_basic

Table legend:
 A = Turns spent in this place as a percentage of turns spent in the entire game.
 B = Non-inter-level travel turns spent in this place as a percentage of non-inter-level travel turns spent in the entire game.
 C = Inter-level travel turns spent in this place as a percentage of turns spent in this place.
 D = Turns resting spent in this place as a percentage of non-inter-level travel turns spent in this place.
 E = Turns spent auto-exploring this place as a percentage of non-inter-level travel turns spent in this place.
 F = Non-inter-level travel turns spent in this place divided by the number of levels of this place that you've seen.
                   A       B       C       D       E      F
               +-------+-------+-------+-------+-------+----------------------
         Total | 100.0 | 100.0 |   3.7 |   0.0 |   0.0 | 621.0
       Dungeon | 100.0 | 100.0 |   3.7 |   0.0 |   0.0 | 621.0
               +-------+-------+-------+-------+-------+----------------------

Table legend:
 A = Kills in this place as a percentage of kills in entire the game.
 B = Kills by you in this place as a percentage of kills by you in the entire game.
 C = Kills by friends in this place as a percentage of kills by friends in the entire game.
 D = Other kills in this place as a percentage of other kills in the entire game.
 E = Experience gained in this place as a percentage of experience gained in the entire game.
 F = Experience gained in this place divided by the number of levels of this place that you have seen.
                   A       B       C       D       E      F
               +-------+-------+-------+-------+-------+----------------------
         Total | 100.0 | 100.0 |   N/A |   N/A | 100.0 |  38.0
       Dungeon | 100.0 | 100.0 |   N/A |   N/A | 100.0 |  38.0
               +-------+-------+-------+-------+-------+----------------------
